3AA
YAKIMA HOPS @ WESTWOOD SIXSHOOTERS
09/15/2034
 
TOP OF THE 1ST
Yakima Hops batting - Pitching for Westwood Sixshooters : RHP David Lister
Pitching: RHP David Lister
Batting: RHB Sergio Torres 0-0: Ground out 3-1 (Groundball, 34)
Batting: LHB Wulf Paauwe 0-0: Ground out 4-3 (Groundball, 4)
Batting: LHB Héctor Velázquez 0-0: Called Strike
0-1: SINGLE (Line Drive, 9S)
Batting: RHB Vonne Navarrete 0-0: Called Strike
0-1: Ball
1-1: Ball
Héctor Velázquez steals 2nd base
2-1: Ball
3-1: Base on Balls
Batting: RHB Jeromy Gride 0-0: Called Strike
0-1: Ball
1-1: Ground out 6-3 (Groundball, 6)
Top of the 1st over - 0 runs, 1 hit, 0 errors, 2 left on base; Yakima 0 - Westwood 0
BOTTOM OF THE 1ST
Westwood Sixshooters batting - Pitching for Yakima Hops : RHP Elroy Quaid
Pitching: RHP Elroy Quaid
Batting: RHB Wallace Bane 0-0: Called Strike
0-1: Foul Ball, location: 2F
0-2: Foul Ball, location: 2F
0-2: Ball
1-2: Foul Ball, location: 2F
1-2: Strikes out swinging
Batting: SHB Jin-yong Ch'oe 0-0: Ball
1-0: Ground out 6-3 (Groundball, 6)
Batting: RHB Simone Catalani 0-0: Swinging Strike
0-1: Called Strike
0-2: Strikes out swinging
Bottom of the 1st over - 0 runs, 0 hits, 0 errors, 0 left on base; Yakima 0 - Westwood 0
TOP OF THE 2ND
Yakima Hops batting - Pitching for Westwood Sixshooters : RHP David Lister
Batting: RHB Carlo Beedle 0-0: Swinging Strike
0-1: Ball
1-1: Foul Ball, location: 2F
1-2: Foul Ball, location: 2F
1-2: Foul Ball, location: 2F
1-2: Strikes out swinging
Batting: RHB Luis León 0-0: Ground out U3 (Groundball, 3)
Batting: RHB George Hubbard 0-0: Ball
1-0: Ground out 4-3 (Groundball, 4)
Top of the 2nd over - 0 runs, 0 hits, 0 errors, 0 left on base; Yakima 0 - Westwood 0
BOTTOM OF THE 2ND
Westwood Sixshooters batting - Pitching for Yakima Hops : RHP Elroy Quaid
Batting: RHB Oki Hai 0-0: DOUBLE (Line Drive, 7LS)
Batting: LHB Jorge Corella 0-0: Ball
1-0: Ball
2-0: Foul Ball, location: 2F
2-1: Swinging Strike
2-2: Strikes out looking
Batting: RHB Cody Riddle 0-0: Ball
1-0: Ball
Wild Pitch!
Oki Hai to third
2-0: Ball
3-0: Base on Balls
Batting: SHB Julián Valentín 0-0: Ground out 4-3 (Groundball, 4S)
Oki Hai scores
Cody Riddle to second
Batting: SHB José Tirado 0-0: Called Strike
0-1: Ball
1-1: Swinging Strike
1-2: Ball
2-2: Ground out 6-3 (Groundball, 6)
Bottom of the 2nd over - 1 run, 1 hit, 0 errors, 1 left on base; Yakima 0 - Westwood 1
TOP OF THE 3RD
Yakima Hops batting - Pitching for Westwood Sixshooters : RHP David Lister
Batting: SHB Zack Murphy 0-0: Foul Ball, location: 2F
0-1: Called Strike
0-2: Fly out, F6 (Popup, 56)
Batting: RHB Sergio Torres 0-0: SINGLE (Line Drive, 6D)
Batting: LHB Wulf Paauwe 0-0: Ball
1-0: Called Strike
1-1: Swinging Strike
1-2: Foul Ball, location: 2F
1-2: Ball
2-2: Ball
3-2: TRIPLE (Line Drive, 8LXD)
Sergio Torres scores
Batting: LHB Héctor Velázquez 0-0: Foul Ball, location: 2F
0-1: Ball
1-1: Ball
2-1: Ball
3-1: Swinging Strike
3-2: Base on Balls
Batting: RHB Vonne Navarrete 0-0: Called Strike
0-1: Ball
1-1: Foul Ball, location: 2F
1-2: Ground out U3 (Groundball, 3L)
Wulf Paauwe scores
Héctor Velázquez to second
Batting: RHB Jeromy Gride 0-0: SINGLE (Groundball, 6D)
Héctor Velázquez to third
Runner from 3rd tries for Home, SAFE, no throw
Batting: RHB Carlo Beedle 0-0: Ball
1-0: Called Strike
1-1: Ball
2-1: Fly out, F7 (Line Drive, 7LM)
Top of the 3rd over - 3 runs, 3 hits, 0 errors, 1 left on base; Yakima 3 - Westwood 1
BOTTOM OF THE 3RD
Westwood Sixshooters batting - Pitching for Yakima Hops : RHP Elroy Quaid
Batting: RHB Shirai Yoshida 0-0: Called Strike
0-1: Swinging Strike
0-2: Ball
1-2: Foul Ball, location: 2F
1-2: Fly out, F7 (Flyball, 7S)
Batting: RHB Wallace Bane 0-0: Called Strike
0-1: Ball
1-1: Foul Ball, location: 2F
1-2: Ball
2-2: Ball
3-2: Ground out 6-3 (Groundball, 6)
Batting: SHB Jin-yong Ch'oe 0-0: Called Strike
0-1: Called Strike
0-2: Ball
1-2: Ball
2-2: Foul Ball, location: 2F
2-2: Ball
3-2: Fly out, F7 (Line Drive, 7)
Bottom of the 3rd over - 0 runs, 0 hits, 0 errors, 0 left on base; Yakima 3 - Westwood 1
TOP OF THE 4TH
Yakima Hops batting - Pitching for Westwood Sixshooters : RHP David Lister
Batting: RHB Luis León 0-0: Fly out, F9 (Flyball, 89D)
Batting: RHB George Hubbard 0-0: Ball
1-0: Bunt for hit - play at first, batter OUT! 1-3
Batting: SHB Zack Murphy 0-0: Ball
1-0: Foul Ball, location: 2F
1-1: Swinging Strike
1-2: Ball
2-2: Ball
3-2: Strikes out swinging
Top of the 4th over - 0 runs, 0 hits, 0 errors, 0 left on base; Yakima 3 - Westwood 1
BOTTOM OF THE 4TH
Westwood Sixshooters batting - Pitching for Yakima Hops : RHP Elroy Quaid
Batting: RHB Simone Catalani 0-0: Called Strike
0-1: Ball
1-1: Ground out 4-3 (Groundball, 4)
Batting: RHB Oki Hai 0-0: Fly out, F8 (Flyball, 89M)
Batting: LHB Jorge Corella 0-0: Swinging Strike
0-1: Ball
1-1: Foul Ball, location: 2F
1-2: Foul Ball, location: 2F
1-2: Ball
2-2: Ball
3-2: SOLO HOME RUN (Flyball, 9LD), Distance : 348 ft
Batting: RHB Cody Riddle 0-0: SINGLE (Groundball, 5S) (infield hit)
Batting: SHB Julián Valentín 0-0: SINGLE (Line Drive, 56D)
Cody Riddle to second
Batting: SHB José Tirado 0-0: SINGLE (Groundball, 4MD)
Cody Riddle to third
Julián Valentín to second
Runner from 3rd tries for Home, SAFE, no throw
Batting: RHB Shirai Yoshida 0-0: SINGLE (Groundball, 6MD)
Julián Valentín to third
José Tirado to second
Runner from 3rd tries for Home, SAFE, no throw
Batting: RHB Wallace Bane 0-0: Ball
1-0: Ball
2-0: Ground out 4-3 (Groundball, 4)
Bottom of the 4th over - 3 runs, 5 hits, 0 errors, 2 left on base; Yakima 3 - Westwood 4
TOP OF THE 5TH
Yakima Hops batting - Pitching for Westwood Sixshooters : RHP David Lister
Batting: RHB Sergio Torres 0-0: Called Strike
0-1: Swinging Strike
0-2: Ball
1-2: Foul Ball, location: 2F
1-2: Foul Ball, location: 2F
1-2: Ball
2-2: Foul Ball, location: 2F
2-2: SINGLE (Line Drive, 6MD)
Batting: LHB Wulf Paauwe 0-0: Ball
Wild Pitch!
Sergio Torres to second
1-0: Ball
2-0: Foul Ball, location: 2F
2-1: Foul Ball, location: 2F
2-2: Ball
3-2: Foul Ball, location: 2F
3-2: Foul Ball, location: 2F
3-2: DOUBLE (Line Drive, 89D)
Sergio Torres scores
Batting: LHB Héctor Velázquez 0-0: Called Strike
0-1: Ball
1-1: Ball
2-1: Ball
3-1: Base on Balls
Batting: RHB Vonne Navarrete 0-0: Ball
1-0: Grounds into double play, 4-6-3 (Groundball, 4)
Wulf Paauwe to third
Batting: RHB Jeromy Gride 0-0: Called Strike
0-1: Ball
1-1: Called Strike
1-2: Ball
2-2: Ground out 6-3 (Groundball, 6)
Top of the 5th over - 1 run, 2 hits, 0 errors, 1 left on base; Yakima 4 - Westwood 4
BOTTOM OF THE 5TH
Westwood Sixshooters batting - Pitching for Yakima Hops : RHP Elroy Quaid
Batting: SHB Jin-yong Ch'oe 0-0: Fly out, F3 (Line Drive, 3)
Batting: RHB Simone Catalani 0-0: Called Strike
0-1: Ball
1-1: SINGLE (Groundball, 13) (infield hit)
Batting: RHB Oki Hai 0-0: Called Strike
0-1: Ball
Wild Pitch!
Simone Catalani to second
1-1: Foul Ball, location: 2F
1-2: Ball
2-2: Ball
3-2: Foul Ball, location: 2F
3-2: Foul Ball, location: 2F
3-2: Foul Ball, location: 2F
3-2: Strikes out swinging
Batting: LHB Jorge Corella 0-0: Called Strike
0-1: Foul Ball, location: 2F
0-2: Strikes out looking
Bottom of the 5th over - 0 runs, 1 hit, 0 errors, 1 left on base; Yakima 4 - Westwood 4
TOP OF THE 6TH
Yakima Hops batting - Pitching for Westwood Sixshooters : RHP David Lister
Batting: RHB Carlo Beedle 0-0: Called Strike
0-1: Foul Ball, location: 2F
0-2: Ball
1-2: Fly out, F4 (Popup, 34S)
Batting: RHB Luis León 0-0: Called Strike
0-1: Ball
1-1: Ball
2-1: Fly out, F4 (Popup, 4D)
Batting: RHB George Hubbard 0-0: Ball
1-0: Called Strike
1-1: SINGLE (Line Drive, 9S)
Batting: SHB Zack Murphy 0-0: Ball
1-0: Ball
2-0: Ball
3-0: Called Strike
3-1: Foul Ball, location: 2F
3-2: 2-RUN HOME RUN (Flyball, 78D), Distance : 420 ft
Batting: RHB Sergio Torres 0-0: Called Strike
0-1: Fly out, F7 (Line Drive, 78D)
Top of the 6th over - 2 runs, 2 hits, 0 errors, 0 left on base; Yakima 6 - Westwood 4
BOTTOM OF THE 6TH
Westwood Sixshooters batting - Pitching for Yakima Hops : RHP Elroy Quaid
Batting: RHB Cody Riddle 0-0: Ball
1-0: Fly out, F4 (Popup, 4D)
Batting: SHB Julián Valentín 0-0: Fly out, F8 (Line Drive, 8LM)
Batting: SHB José Tirado 0-0: SINGLE (Groundball, 5L) (infield hit)
Batting: RHB Shirai Yoshida 0-0: Called Strike
0-1: Called Strike
0-2: Ball
José Tirado is caught stealing 2nd base
Bottom of the 6th over - 0 runs, 1 hit, 0 errors, 0 left on base; Yakima 6 - Westwood 4
TOP OF THE 7TH
Yakima Hops batting - Pitching for Westwood Sixshooters : RHP David Lister
Batting: LHB Wulf Paauwe 0-0: Called Strike
0-1: Ball
1-1: Foul Ball, location: 2F
1-2: Ball
2-2: Foul Ball, location: 2F
2-2: Ground out U3 (Groundball, 34)
Batting: LHB Héctor Velázquez 0-0: Ball
1-0: Ball
2-0: SINGLE (Line Drive, 7S)
Pitching: RHP Jin Kwon
Batting: RHB Vonne Navarrete 0-0: Ball
1-0: Ball
2-0: Called Strike
2-1: Foul Ball, location: 2F
2-2: Ball
3-2: Foul Ball, location: 2F
3-2: Base on Balls
Héctor Velázquez to second
Batting: RHB Jeromy Gride 0-0: Foul Ball, location: 2F
0-1: Fly out, F8 (Flyball, 8LS)
Batting: RHB Carlo Beedle 0-0: Ball
1-0: Ball
Wild Pitch!
Héctor Velázquez to third
Vonne Navarrete to second
2-0: Ball
3-0: Base on Balls
Batting: RHB Luis León 0-0: Ball
1-0: Called Strike
1-1: Fly out, F9 (Line Drive, 89M)
Top of the 7th over - 0 runs, 1 hit, 0 errors, 3 left on base; Yakima 6 - Westwood 4
BOTTOM OF THE 7TH
Westwood Sixshooters batting - Pitching for Yakima Hops : RHP Elroy Quaid
Batting: RHB Shirai Yoshida 0-0: Ball
1-0: Called Strike
1-1: Swinging Strike
1-2: Ball
2-2: Ball
3-2: Strikes out swinging
Pitching: RHP Justin Furneaux
Batting: RHB Wallace Bane 0-0: Called Strike
0-1: Ball
1-1: Ball
2-1: Foul Ball, location: 2F
2-2: Ball
3-2: Base on Balls
Batting: SHB Jin-yong Ch'oe 0-0: Foul Ball, location: 2F
0-1: Swinging Strike
0-2: Strikes out swinging
Batting: RHB Simone Catalani 0-0: Ball
Wallace Bane steals 2nd base
1-0: Ground out 4-3 (Groundball, 4)
Bottom of the 7th over - 0 runs, 0 hits, 0 errors, 1 left on base; Yakima 6 - Westwood 4
TOP OF THE 8TH
Yakima Hops batting - Pitching for Westwood Sixshooters : RHP Jin Kwon
Batting: RHB George Hubbard 0-0: Swinging Strike
0-1: Foul Ball, location: 2F
0-2: Foul Ball, location: 2F
0-2: Ball
1-2: Foul Ball, location: 2F
1-2: Strikes out swinging
Batting: SHB Zack Murphy 0-0: Ball
1-0: Foul Ball, location: 2F
1-1: Fly out, F5 (Popup, 5F)
Batting: RHB Sergio Torres 0-0: Ball
1-0: Ball
2-0: Called Strike
2-1: Ball
3-1: TRIPLE (Line Drive, 9D)
Batting: LHB Wulf Paauwe 0-0: Swinging Strike
0-1: Called Strike
0-2: Ball
1-2: Strikes out swinging
Top of the 8th over - 0 runs, 1 hit, 0 errors, 1 left on base; Yakima 6 - Westwood 4
BOTTOM OF THE 8TH
Westwood Sixshooters batting - Pitching for Yakima Hops : RHP Justin Furneaux
Batting: RHB Oki Hai 0-0: Fly out, F2 (Popup, 2RF)
Batting: LHB Jorge Corella 0-0: Foul Ball, location: 2F
0-1: Ball
1-1: Foul Ball, location: 2F
1-2: Strikes out swinging
Batting: RHB Cody Riddle 0-0: Called Strike
0-1: Ball
1-1: Swinging Strike
1-2: Ball
2-2: SINGLE (Groundball, 34D)
Batting: SHB Julián Valentín 0-0: Ball
1-0: Foul Ball, location: 2F
1-1: Ball
2-1: Foul Ball, location: 2F
2-2: Ground out 4-3 (Groundball, 34)
Bottom of the 8th over - 0 runs, 1 hit, 0 errors, 1 left on base; Yakima 6 - Westwood 4
TOP OF THE 9TH
Yakima Hops batting - Pitching for Westwood Sixshooters : RHP Jin Kwon
Batting: LHB Héctor Velázquez 0-0: Ball
1-0: Foul Ball, location: 2F
1-1: Called Strike
1-2: DOUBLE (Line Drive, 9LM)
Batting: RHB Vonne Navarrete 0-0: Swinging Strike
0-1: Swinging Strike
0-2: Strikes out looking
Batting: RHB Jeromy Gride 0-0: SINGLE (Groundball, 6MD)
Héctor Velázquez to third
Pitching: LHP Maurice Hilliard
Batting: RHB Carlo Beedle 0-0: Called Strike
0-1: DOUBLE (Line Drive, 9LS)
Héctor Velázquez scores
Jeromy Gride to third
Batting: RHB Luis León 0-0: Ground out 6-3 (Groundball, 6)
Batting: RHB George Hubbard 0-0: SINGLE (Groundball, 4MD)
Jeromy Gride scores
Carlo Beedle to third
Batting: SHB Zack Murphy 0-0: Ball
1-0: Ball
2-0: Called Strike
2-1: Foul Ball, location: 2F
2-2: Strikes out swinging
Top of the 9th over - 2 runs, 4 hits, 0 errors, 2 left on base; Yakima 8 - Westwood 4
BOTTOM OF THE 9TH
Westwood Sixshooters batting - Pitching for Yakima Hops : RHP Justin Furneaux
Batting: SHB José Tirado 0-0: Ball
1-0: Called Strike
1-1: Fly out, F7 (Flyball, 7S)
Batting: RHB Shirai Yoshida 0-0: Called Strike
0-1: Ball
1-1: Ball
2-1: Ball
3-1: Called Strike
3-2: Foul Ball, location: 2F
3-2: Foul Ball, location: 2F
3-2: Ground out 5-3 (Groundball, 56)
Batting: RHB Wallace Bane 0-0: Ball
1-0: Called Strike
1-1: Ground out 4-3 (Groundball, 4)
Bottom of the 9th over - 0 runs, 0 hits, 0 errors, 0 left on base; Yakima 8 - Westwood 4
Friday, March 29th, 2019 - OOTP Baseball 18.8 Build 76